Map: 宿怨战场-天梯版

Players

SortOf - Winner!

  • Race: Zerg Zerg

Time (Oliveira)

  • Race: Terran Terran

Event: WESG 2018 Grand Finals

VOD

https://youtu.be/aSbklEPfmHw?t=178

Description

Time

  • Played on: March 12, 2019, 8:44 a.m.
  • Length: 13:15

All games in this series

Show
View Real Time Build Order
Export as new Build Order

SortOf Zerg - Winner!

Build Orders: Pool First, Brood Lord Corruptor 

Get SALT Encoding   

  12  0:00  Drone  
  13  0:12  Overlord  
  13  0:17  Drone  
  14  0:31  Drone x2  
  16  0:41  Spawning Pool  
  15  0:44  Drone  
  15  0:49  Drone  
  17  1:10  Hatchery  
  16  1:22  Drone  
  17  1:28  Zergling x4  
  17  1:32  Queen  
  21  1:33  Zergling x2  
  21  1:37  Extractor  
  21  1:44  Overlord  
  21  1:55  Drone  
  22  2:05  Drone  
  22  2:07  Queen  
  25  2:21  Queen, Drone  
  28  2:23  Drone  
  29  2:33  Drone x2  
  31  2:41  Drone  
  32  2:48  Drone x2  
  33  2:53  Drone x2  
  33  2:55  Drone x2  
  33  2:57  Metabolic Boost  
  35  3:06  Hatchery  
  35  3:10  Overlord  
  34  3:13  Drone  
  34  3:16  Drone  
  36  3:27  Overlord  
  36  3:28  Queen  
  36  3:30  Drone x2  
  40  3:34  Zergling x2  
  40  3:35  Zergling x4  
  40  3:39  Drone  
  44  3:45  Queen  
  44  3:46  Overlord  
  46  3:49  Drone x2  
  46  3:51  Drone  
  49  3:56  Overlord  
  49  4:03  Overlord  
  49  4:11  Drone x3  
  52  4:18  Zergling x4  
  52  4:20  Lair, Queen  
  56  4:25  Zergling x8  
  56  4:29  Queen  
  56  4:30  Drone x2  
  64  4:33  Drone  
  65  4:39  Overlord  
  65  4:41  Drone x2  
  67  4:48  Spore Crawler x2, Drone x2  
  67  4:53  Overlord  
  67  4:55  Drone x3  
  70  5:01  Extractor  
  70  5:02  Baneling Nest, Drone x3  
  71  5:11  Zergling x10  
  76  5:19  Queen, Pneumatized Carapace  
  78  5:27  Zergling x2  
  77  5:29  Zergling x2  
  77  5:30  Queen  
  77  5:31  Overseer  
  75  5:36  Zergling x2  
  68  5:44  Drone x12  
  68  5:46  Extractor  
  68  5:49  Evolution Chamber, Spore Crawler  
  74  5:51  Drone x2  
  74  5:53  Drone  
  74  5:54  Queen  
  76  6:02  Drone x4  
  76  6:08  Drone x2  
  76  6:11  Extractor  
  76  6:13  Extractor  
  76  6:17  Zerg Ground Armor Level 1  
  75  6:18  Evolution Chamber, Zergling x4  
  75  6:19  Zergling x2  
  75  6:23  Baneling  
  75  6:24  Queen, Baneling  
  79  6:29  Drone x2  
  79  6:30  Drone  
  79  6:31  Extractor  
  80  6:41  Drone x2  
  80  6:43  Drone x7  
  87  6:47  Zerg Melee Weapons Level 1  
  87  6:51  Drone x2  
  89  6:55  Centrifical Hooks  
  89  6:58  Overlord  
  89  6:59  Drone  
  90  7:02  Hatchery  
  89  7:09  Overlord, Zergling x2  
  89  7:10  Overlord x2  
  89  7:13  Hydralisk Den, Baneling x5  
  89  7:32  Zergling x20  
  99  7:43  Zergling x14  
  104  7:46  Overseer, Baneling  
  104  7:52  Hatchery  
  104  7:56  Overlord, Muscular Augments, Hydralisk x5  
  113  8:00  Infestation Pit  
  113  8:02  Baneling x5  
  112  8:06  Hydralisk x3  
  118  8:16  Drone x11  
  118  8:19  Zergling x2  
  130  8:24  Hydralisk x3  
  136  8:29  Overlord, Zerg Ground Armor Level 2  
  136  8:41  Zerg Melee Weapons Level 2  
  136  8:45  Hive  
  135  8:51  Overlord  
  135  8:53  Drone x6  
  135  8:54  Drone  
  142  8:56  Spore Crawler, Extractor  
  142  8:58  Zergling x8  
  143  9:05  Overlord  
  143  9:08  Grooved Spines  
  143  9:09  Hydralisk x5  
  142  9:15  Overlord  
  152  9:22  Zergling x2  
  152  9:23  Spire, Zergling x8  
  156  9:36  Zergling x24  
  168  9:43  Baneling x2  
  168  9:45  Baneling x17  
  168  9:53  Zergling x12  
  168  9:54  Overlord  
  168  9:55  Overlord x3  
  168  9:59  Adrenal Glands  
  174  10:18  Viper  
  174  10:19  Viper  
  179  10:27  Drone  
  179  10:28  Drone x2  
  177  10:33  Hydralisk x4  
  177  10:34  Zergling x24  
  197  10:35  Greater Spire  
  197  10:39  Extractor  
  197  10:40  Drone x3, Extractor  
  197  10:41  Spore Crawler  
  197  10:54  Spine Crawler x2, Overlord  
  195  11:08  Spine Crawler  
  195  11:09  Corruptor x2  
  198  11:12  Pathogen Glands  
  196  11:24  Corruptor  
  198  11:31  Corruptor x2  
  198  11:38  Extractor  
  197  11:53  Brood Lord  
  199  12:05  Brood Lord x4  
  199  12:06  Corruptor x5  
  199  12:14  Overseer  
  199  12:21  Hatchery  
  199  12:22  Spore Crawler  
  186  12:38  Brood Lord x2  
  188  12:44  Zergling x24  
Show
View Real Time Build Order
Export as new Build Order

Time Terran 

Build Orders: Gas First Reaper Expand, Hellion Banshee 

Get SALT Encoding   

  12  0:00  SCV  
  13  0:12  SCV  
  14  0:17  Supply Depot  
  14  0:25  SCV  
  15  0:29  Refinery  
  15  0:39  SCV  
  16  0:45  Barracks  
  16  0:51  SCV  
  17  1:03  SCV  
  18  1:15  SCV  
  19  1:32  Reaper, Orbital Command  
  20  1:43  Command Center  
  20  1:55  Factory  
  20  1:58  SCV  
  21  2:07  Barracks Reactor  
  21  2:10  SCV  
  21  2:13  Supply Depot  
  22  2:15  Refinery  
  22  2:22  SCV  
  23  2:35  SCV  
  23  2:40  Hellion  
  25  2:44  Marine x2  
  25  2:47  SCV  
  26  2:59  SCV  
  26  3:04  Starport  
  27  3:12  SCV  
  28  3:17  Orbital Command  
  28  3:24  SCV  
  29  3:27  Hellion  
  29  3:31  Hellion  
  33  3:36  SCV  
  33  3:40  Starport Tech Lab  
  34  3:42  SCV  
  35  3:48  SCV  
  35  3:50  Hellion  
  35  3:52  Hellion  
  35  3:54  SCV  
  41  4:00  Cloaking Field, Supply Depot  
  41  4:04  Banshee  
  41  4:06  SCV  
  45  4:10  SCV  
  46  4:17  Armory  
  46  4:22  Hellion x2  
  50  4:27  SCV, Supply Depot  
  50  4:29  SCV  
  50  4:30  Barracks Tech Lab  
  52  4:42  SCV  
  52  4:43  SCV  
  54  4:48  Banshee  
  54  4:49  Hellion x2  
  54  4:51  Supply Depot  
  61  4:55  SCV  
  62  5:12  SCV x2  
  62  5:13  Command Center  
  64  5:21  Marine  
  64  5:22  Factory Reactor  
  64  5:24  SCV x2  
  59  5:36  SCV x2  
  59  5:39  Marine  
  52  5:48  SCV x2  
  40  5:57  Marine  
  40  6:01  SCV  
  36  6:11  Stimpack, SCV  
  37  6:12  Barracks  
  37  6:13  Starport Reactor, SCV  
  37  6:15  Barracks, Marine  
  37  6:17  Siege Tank  
  42  6:23  Supply Depot, SCV  
  42  6:25  SCV  
  44  6:35  SCV  
  44  6:36  Marine  
  44  6:37  SCV  
  45  6:46  Orbital Command  
  42  6:47  SCV  
  42  6:49  SCV  
  42  6:53  Siege Tank  
  47  6:59  SCV  
  48  7:01  SCV  
  48  7:04  Engineering Bay  
  48  7:05  Engineering Bay, Marine x2  
  51  7:09  Marine x2  
  51  7:11  SCV  
  51  7:13  SCV  
  51  7:14  SCV  
  51  7:15  Marine  
  57  7:21  Medivac x2  
  61  7:25  SCV  
  61  7:26  Marine, SCV  
  61  7:28  Marine  
  61  7:29  Marine  
  66  7:33  Terran Infantry Weapons Level 1  
  66  7:35  Terran Infantry Armor Level 1  
  66  7:36  Marine  
  67  7:38  SCV  
  67  7:39  SCV  
  67  7:42  Marine  
  70  7:44  Marine  
  70  7:48  Refinery  
  70  7:49  Refinery  
  70  7:50  Orbital Command, SCV, Siege Tank  
  75  7:51  Marine  
  75  7:55  Marine  
  75  7:58  SCV  
  78  8:00  Marine  
  78  8:01  Marine  
  78  8:02  SCV  
  78  8:03  Marine  
  82  8:09  Marine  
  82  8:10  Barracks, SCV  
  84  8:13  Barracks, Marine  
  84  8:16  SCV x2  
  84  8:18  Marine  
  84  8:19  Marine  
  89  8:21  Marine  
  89  8:22  SCV  
  91  8:27  Marine, Supply Depot  
  91  8:28  SCV  
  91  8:31  Marine  
  91  8:33  SCV  
  92  8:35  SCV  
  93  8:47  Combat Shield, Supply Depot x2  
  93  8:48  Marine x3, Siege Tank, SCV x2  
  93  8:55  Supply Depot  
  101  8:59  Barracks Reactor  
  101  9:00  Barracks Reactor  
  101  9:08  Medivac x2, Marine x2, SCV x3  
  110  9:14  Factory  
  110  9:15  Marine  
  110  9:16  Marine  
  112  9:17  Supply Depot x2  
  112  9:20  SCV x3  
  112  9:21  Marine  
  112  9:23  Siege Tank  
  119  9:28  Marine  
  120  9:32  Terran Infantry Weapons Level 2  
  120  9:33  Marine, SCV x3  
  120  9:38  Terran Infantry Armor Level 2, Marine  
  124  9:39  Marine x2  
  124  9:43  Supply Depot  
  124  9:44  Marine  
  124  9:45  SCV x2  
  130  9:46  Marine  
  130  9:47  Marine  
  130  9:52  Marine  
  133  9:54  SCV  
  133  9:55  Hellbat  
  133  9:56  Refinery x2  
  133  9:57  Marine, SCV  
  133  9:59  Marine  
  139  10:00  Supply Depot  
  139  10:01  Factory Tech Lab  
  139  10:02  Marine  
  139  10:04  Terran Vehicle Weapons Level 1  
  139  10:06  Marine x2  
  139  10:07  Marine  
  142  10:11  Marine  
  144  10:17  Marine  
  144  10:19  Marine, Siege Tank  
  144  10:21  Marine x3  
  142  10:24  Medivac x2  
  142  10:25  Marine  
  142  10:28  Marine x2, Siege Tank  
  145  10:33  Marine  
  145  10:34  Marine, Supply Depot  
  151  10:35  Supply Depot  
  151  10:37  Marine  
  151  10:38  Marine  
  153  10:43  Sensor Tower, Marine x2  
  153  10:45  Liberator  
  153  10:47  Marine x2  
  153  10:49  Liberator  
  157  10:52  Marine x2  
  157  10:56  Marine x3, Supply Depot, Siege Tank  
  163  10:58  Supply Depot  
  163  11:00  Marine x2  
  168  11:06  Marine  
  172  11:15  Marine  
  172  11:18  Marine x5, Siege Tank  
  181  11:20  Marine  
  181  11:22  Marine  
  183  11:28  Siege Tank  
  183  11:30  Marine, Supply Depot x2  
  187  11:33  Marine  
  187  11:34  Liberator  
  187  11:36  Marine  
  189  11:47  Marine x3  
  186  11:48  Orbital Command  
  186  11:51  Marine x2  
  186  11:52  Marine, Siege Tank  
  194  12:23  Supply Depot  
  194  12:24  Supply Depot x2  
  194  12:26  Supply Depot x4  
  194  12:27  Supply Depot  
  182  12:47  Marine  
  182  12:48  Marine x7  
  182  12:49  Marine  
Tags
 
Add a new tag
Caveats
  • Supply blocks, unpowered buildings, or Contaminate may cause inaccurate times.
  • Supply counts are checked every 10 seconds.